 Dungeon Crawl Stone Soup version 0.21-a0-113-g6841d05 (webtiles) character file.

3331 Leszczynek the Grappler (level 10, 0/96 HPs)
             Began as an Ogre Transmuter on July 12, 2017.
             Was an Elder of Cheibriados.
             Slain by a two-headed ogre
             ... wielding a +0 giant club
              (27 damage)
             ... on level 8 of the Dungeon.
             The game lasted 00:27:50 (3508 turns).

Leszczynek the Grappler (Ogre Transmuter)           Turns: 3508, Time: 00:27:51

Health: 0/96       AC:  2    Str: 25    XL:     10   Next: 2%
Magic:  10/13      EV: 24    Int: 24    God:    Cheibriados [****..]
Gold:   234        SH:  0    Dex: 28    Spells: 3/13 levels left

rFire    . . .     SeeInvis .     - Unarmed
rCold    . . .     Gourm    .   (shield currently unavailable)
rNeg     . . .     Faith    .   (armour currently unavailable)
rPois    x         Spirit   .   (helmet currently unavailable)
rElec    .         Reflect  .   (cloak currently unavailable)
rCorr    +         Harm     .   (gloves unavailable)
MR       +....                  (boots unavailable)
Stlth    ++........             (no amulet)
HPRegen  0.26/turn              m - ring of resist corrosion
MPRegen  0.13/turn              D - +3 ring of dexterity

@: spider-form, very slow
A: unfitting armour
a: End Transformation, Bend Time, Temporal Distortion, Slouch, Renounce Religion


You were on level 8 of the Dungeon.
You worshipped Cheibriados.
Cheibriados was greatly pleased with you.
You were not hungry.
You were a venomous arachnid creature.
You visited 1 branch of the dungeon, and saw 8 of its levels.
You also visited: Sewer.

You collected 234 gold pieces.

Inventory:

Missiles
 g - 2 arrows
 r - 6 curare-tipped needles
Armour
 b - a +0 robe (melded)
Jewellery
 m - a ring of resist corrosion (left front leg)
 v - the ring "Doceh" {rElec rF- rC+ Str-5 Slay+5}
   (You found it on level 4 of the Dungeon)

   [ring of protection from cold]

   It affects your strength (-5).
   It affects your accuracy and damage with ranged weapons and melee attacks
   (+5).
   It makes you vulnerable to fire.
   It protects you from cold.
   It insulates you from electricity.
 D - a +3 ring of dexterity (right front leg)
Wands
 u - a wand of enslavement (7/24)
 y - a wand of confusion (22/48)
 A - a wand of flame (37/48)
Scrolls
 e - 4 scrolls of identify {@r1}
 h - a scroll of random uselessness {unknown}
 l - a scroll of enchant weapon {unknown}
 p - a scroll of enchant armour {unknown}
 q - a scroll of recharging {unknown}
 t - a scroll of teleportation {unknown}
 x - a scroll of fog {unknown}
 B - 3 scrolls of vulnerability {unknown}
 E - 3 scrolls of remove curse {unknown}
 F - a scroll of amnesia {unknown}
 J - 2 scrolls of immolation {unknown}
Potions
 f - 2 potions of curing {@q1}
 i - a potion of invisibility
 j - 2 potions of mutation {unknown}
 n - a potion of haste {unknown}
 o - a potion of ambrosia
 s - a potion of might {unknown}
 z - a potion of degeneration {unknown}
 C - 2 potions of resistance {unknown}
 G - a potion of flight
 K - a potion of berserk rage {unknown}
 N - a potion of agility {unknown}
Books
 c - a book of Changes

   Spells                             Type                      Level
   a - Beastly Appendage              Transmutation                1
   b - Sticks to Snakes               Transmutation                2
   c - Spider Form                    Transmutation/Poison         3
   d - Ice Form                       Ice/Transmutation            4
   e - Blade Hands                    Transmutation                5
Comestibles
 d - 2 bread rations
 k - a meat ration
 H - 2 chunks of flesh
 I - 2 fruits


   Skills:
 + Level 5.5 Fighting
 + Level 4.1 Dodging
 - Level 8.3 Unarmed Combat
 - Level 2.4 Spellcasting
 * Level 6.8 Transmutations
 - Level 4.0 Ice Magic
 - Level 2.2 Poison Magic


You had 3 spell levels left.
You knew the following spells:

 Your Spells              Type           Power        Failure   Level  Hunger
a - Beastly Appendage     Tmut           #####.       4%          1    None
b - Sticks to Snakes      Tmut           #####...     5%          2    ##.....
c - Spider Form           Tmut/Pois      ###.......   16%         3    ###....
d - Ice Form              Ice/Tmut       ####....     28%         4    ####...


Dungeon Overview and Level Annotations

Branches:
Dungeon (8/15)
 Temple: D:4-7         Lair: D:8-11

Altars:
Cheibriados
Ru
Sif Muna
Vehumet
Wu Jian
Xom
Zin

Shops:
D:3 *   D:8 [[

Annotations:
D:5 Dowan, Duvessa


Innate Abilities, Weirdness & Mutations

You are too large for most types of armour.
((You have tough skin. (AC +1)))


Message History

There is a stone staircase leading down here.
You climb downwards.
The two-headed ogre closely misses you.
The two-headed ogre completely misses you.
There is a stone staircase leading up here.
Unknown command.
Casting: Spider Form
Confirm with . or Enter, or press ? or * to list all spells.
You turn into a venomous arachnid creature.
Your +0 robe melds into your body.
The two-headed ogre hits you with a giant club!!
The two-headed ogre misses you.
Unknown command.
You hit the two-headed ogre but do no damage.
The two-headed ogre is poisoned.
You maul the two-headed ogre!!
The two-headed ogre looks as sick as possible!
The two-headed ogre is moderately wounded.
The two-headed ogre hits you with a giant club!
The two-headed ogre hits you with a giant club!!
You die...

## .# #.. .. #.#
.# ###########.#
.## ......†<.##.#
.. .
########†##.#
##.###.## ..
#.##.## #........
...# #.#...###s.#
.... #.........O#
#.##O
###...####.......
..... #...##
.###..# #.#..
#.### .. # #. #.
#.# #. .. #. .∩.
#. ...


You could see a two-headed ogre.

Vanquished Creatures
  A centaur skeleton (D:6)
  A steam dragon (D:8)
  Edmund (D:4)
  An orc warrior (D:6)
  A sky beast (D:7)
  An ice beast (D:5)
  3 ogres
  2 phantoms
  A big kobold (Sewer)
  5 bullfrogs
  5 killer bees
  3 scorpions
  2 howler monkeys
  3 jellies
  4 orc priests (D:6)
  A centaur zombie (D:6)
  3 orc wizards
  2 hounds
  Jessica (D:3)
  Ijyb (D:4)
  Natasha (twice) (D:4)
  3 worker ants
  A hound skeleton (D:5)
  A howler monkey zombie (D:7)
  5 gnolls
  7 adders
  5 river rats
  2 shadow imps
  A worm (D:3)
  5 leopard geckos
  20 orcs
  2 giant cockroaches
  3 goblins
  6 hobgoblins
  6 jackals
  8 kobolds
  A quokka (D:3)
  2 ball pythons
  5 bats
  A frilled lizard (D:3)
  A leopard gecko skeleton (D:7)
  A leopard gecko zombie (D:5)
  A quokka skeleton (D:6)
  8 rats
139 creatures vanquished.

Vanquished Creatures (collateral kills)
  The ghost of Kenran the Arsonist, a novice DEFE of Sif Muna (D:7)
  An orc priest (D:6)
  A hound (D:4)
  An adder (D:3)
  A worm (D:4)
  An orc (D:3)
  A ball python (D:3)
  A giant cockroach (D:3)
8 creatures vanquished.

Vanquished Creatures (others)
  A gnoll sergeant (D:5)
  An orc wizard (D:5)
  A worker ant (D:5)
  A jackal zombie (D:5)
  A quokka skeleton (D:5)
5 creatures vanquished.

Grand Total: 152 creatures vanquished

Notes
Turn   | Place    | Note
-------+----------+-------------------------------------------
     0 | D:1      | Leszczynek the Ogre Transmuter began the quest for the Orb.
     0 | D:1      | Reached XP level 1. HP: 19/19 MP: 3/3
    37 | D:1      | Reached skill level 2 in Transmutations
   143 | D:1      | Reached XP level 2. HP: 23/27 MP: 5/5
   147 | D:1      | Learned a level 2 spell: Sticks to Snakes
   249 | D:3      | Found Zin's Purification Station.
   251 | D:3      | Found a glowing silver altar of Zin.
   291 | D:3      | Found a deep blue altar of Sif Muna.
   309 | D:3      | Reached skill level 3 in Transmutations
   315 | D:3      | Reached XP level 3. HP: 32/33 MP: 6/6
   320 | D:3      | Learned a level 3 spell: Spider Form
   387 | D:3      | Reached skill level 1 in Poison Magic
   570 | D:4      | Reached skill level 2 in Poison Magic
   570 | D:4      | Reached XP level 4. HP: 13/41 MP: 1/7
   572 | D:4      | HP: 4/41 [worm (10)]
   726 | D:4      | >d:4 gnoll shaman pack
   726 | D:4      | nice
   729 | D:4      | Noticed a phantom
   862 | D:3      | Noticed Jessica
   902 | D:3      | Killed Jessica
   902 | D:3      | Reached XP level 5. HP: 23/48 MP: 5/8
  1010 | D:3      | I WANT TO GO TO D:5 PLEASE
  1023 | D:3      | Reached skill level 4 in Transmutations
  1043 | D:2      | Found a snail-covered altar of Cheibriados.
  1044 | D:2      | oh
  1054 | D:2      | Became a worshipper of Cheibriados the Contemplative
  1144 | D:3      | Reached skill level 3 in Unarmed Combat
  1171 | D:4      | Noticed Ijyb
  1179 | D:4      | Killed Ijyb
  1212 | D:4      | Noticed an ogre
  1225 | D:4      | Killed an ogre
  1225 | D:4      | Reached skill level 4 in Unarmed Combat
  1225 | D:4      | Reached XP level 6. HP: 46/55 MP: 0/9
  1232 | D:5      | Entered Level 5 of the Dungeon
  1232 | D:5      | Noticed Dowan
  1233 | D:5      | really
  1234 | D:5      | Noticed Duvessa
  1253 | D:4      | oh?
  1295 | D:4      | Killed a phantom
  1310 | D:4      | Got a sparkling marble ring
  1311 | D:4      | Identified the ring "Doceh" {rElec rF- rC+ Str-5 Slay+5} (You found it on level 4 of the Dungeon)
  1312 | D:4      | ...huh
  1312 | D:4      | i guess it's usable in some situations
  1323 | D:4      | Noticed Natasha
  1333 | D:4      | HP: 11/55 [Natasha (4)]
  1340 | D:4      | Killed Natasha
  1340 | D:4      | Reached skill level 5 in Unarmed Combat
  1421 | D:4      | Noticed Edmund
  1430 | D:4      | Reached XP level 7. HP: 45/62 MP: 2/10
  1439 | D:4      | Killed Edmund
  1439 | D:4      | Reached skill level 6 in Unarmed Combat
  1442 | D:4      | son of a bitch
  1484 | D:4      | Noticed Natasha
  1495 | D:4      | Killed Natasha
  1529 | D:5      | Found a radiant altar of Vehumet.
  1601 | D:5      | >5 arrows
  1601 | D:5      | shit
  1608 | D:5      | i didn't pay attention
  1615 | D:5      | Reached * piety under Cheibriados
  1663 | D:5      | Found a shimmering altar of Xom.
  1739 | D:5      | Reached skill level 7 in Unarmed Combat
  1739 | D:5      | Reached XP level 8. HP: 44/70 MP: 7/11
  2068 | D:6      | Reached skill level 8 in Unarmed Combat
  2114 | D:6      | Found a glowing drain.
  2121 | Sewer    | Entered a sewer
  2177 | Sewer    | Reached ** piety under Cheibriados
  2203 | Sewer    | Found a glowing silver altar of Zin.
  2299 | D:6      | Learned a level 4 spell: Ice Form
  2328 | D:6      | Found an ornate altar of the Wu Jian Council.
  2411 | D:6      | Reached skill level 1 in Ice Magic
  2412 | D:6      | Reached skill level 2 in Ice Magic
  2447 | D:6      | Reached skill level 3 in Ice Magic
  2576 | D:6      | Reached skill level 4 in Ice Magic
  2583 | D:6      | Reached XP level 9. HP: 45/76 MP: 9/12
  2626 | D:6      | Reached skill level 2 in Dodging
  2642 | D:6      | Reached skill level 2 in Fighting
  2661 | D:7      | Noticed Kenran's ghost (novice DEFE)
  2773 | D:6      | Reached skill level 5 in Transmutations
  2882 | D:7      | Reached skill level 3 in Fighting
  2891 | D:7      | Reached *** piety under Cheibriados
  2968 | D:8      | Found Bazxoa's Antique Armour Shop.
  3004 | D:8      | Noticed a two-headed ogre
  3085 | D:7      | Killed Kenran's ghost
  3085 | D:7      | Reached skill level 4 in Fighting
  3085 | D:7      | Reached skill level 3 in Dodging
  3085 | D:7      | Reached skill level 6 in Transmutations
  3295 | D:7      | Reached skill level 5 in Fighting
  3322 | D:7      | Found a sacrificial altar of Ru.
  3386 | D:8      | Reached skill level 4 in Dodging
  3397 | D:8      | Found Emid's Antique Armour Shop.
  3406 | D:7      | HP: 20/105 [bullfrog (3)]
  3409 | D:7      | Reached XP level 10. HP: 15/96 MP: 13/13
  3411 | D:7      | HP: 15/115 [poisoned by a killer bee]
  3421 | D:7      | Reached **** piety under Cheibriados
  3421 | D:7      | HP: 15/96 [orc wizard/magic dart (5)]
  3508 | D:8      | Slain by a two-headed ogre

Vault maps used:
D:1:      minmay_arrival_loop, serial_park_tiny_2
D:2:      cheibriados_altar_1
D:3:      zin_purify, lemuel_doored_altar, uniq_jessica
D:4:      minmay_temple_entry_overgrown, kennysheep_generic_room_7,
          uniq_natasha, uniq_edmund, uniq_ijyb
D:5:      marbit_many_paths, kennysheep_little_box, xom_confusion_cloud,
          first_bread, uniq_blork_the_orc, uniq_duvessa
D:6:      kennysheep_mini_moat, lightli_sewer_entry_pipes
D:7:      fedhas_altar_1, nicolae_ru_great_annihilating_truth, grunt_livestock
D:8:      serial_shops, shop, shop, nicolae_shop_stone, kennysheep_mini,
          trog_butcher_becter
Sewer:    sewer_kobolds

Skill      XL: |  1  2  3  4  5  6  7  8  9 |
---------------+----------------------------+-----
Transmutations | 2 3 4 6 |  6.8
Poison Magic   | 2 |  2.2
Unarmed Combat | 4 5 7 8 |  8.3
Ice Magic      | 4 |  4.0
Dodging        | 4 |  4.1
Fighting       | 5 |  5.5
Spellcasting   | |  2.4

Action                   |  1- 3 |  4- 6 |  7- 9 | 10-12 || total
-------------------------+-------+-------+-------+-------++-------
Melee: Unarmed           |    15 |    49 |   236 |    17 ||   317
       Kick              |     2 |       |       |       ||     2
       Dagger            |    54 |    54 |    29 |       ||   137
       Headbutt          |     1 |       |       |       ||     1
       Punch             |     1 |     1 |     1 |       ||     3
 Cast: Beastly Appendage |     5 |       |       |       ||     5
       Sticks to Snakes  |     5 |    15 |     7 |       ||    27
       Spider Form       |       |     8 |    25 |     2 ||    35
       Ice Form          |       |       |     2 |       ||     2
  Use: Scroll            |       |     3 |     2 |       ||     5
       Potion            |       |     1 |     3 |     2 ||     6
 Stab: Sleeping          |       |       |     1 |       ||     1
       Paralysed         |       |       |     1 |       ||     1
  Eat: Chunk             |       |     5 |     8 |       ||    13
Armor: Robe              |    18 |    12 |     9 |       ||    39
       Skin              |       |     2 |    21 |     2 ||    25
Dodge: Dodged            |    31 |    82 |   179 |    18 ||   310
